 Dungeon Crawl Stone Soup version 0.19-a0-1291-gc8f5409 (webtiles) character file.

56603 PurpleRed the Eclecticist (level 14, -12/78 HPs)
             Began as a Deep Elf Conjurer on Aug 30, 2016.
             Was a High Priest of Vehumet.
             Killed from afar by a deep elf mage (35 damage)
             ... with a bolt of lightning
             ... on level 2 of the Elven Halls.
             The game lasted 01:48:13 (8174 turns).

PurpleRed the Eclecticist (Deep Elf Conjurer)       Turns: 8174, Time: 01:48:13

Health: -12/78     AC:  9    Str:  5    XL:     14   Next: 42%
Magic:  14/36      EV: 22    Int: 26    God:    Vehumet [*****.]
Gold:   220        SH:  0    Dex: 20    Spells: 9 memorised, 19 levels left

rFire  + + +     SeeInvis .     t - +4 quarterstaff (chaos)
rCold  + . .     Gourm    .     r - +1 robe {MR+}
rNeg   . . .     Faith    .     (shield currently unavailable)
rPois  .         Spirit   .     o - +1 helmet
rElec  .         Dismiss  .     x - +2 cloak
rCorr  .         Reflect  .     q - -3 pair of gloves "Pyatao" {rF+++ Dex+5}
MR     ++...     Harm     .     I - +1 pair of boots
Stlth  ++........               y - amulet of magic regeneration
                                s - ring of protection from cold
                                h - +4 ring of evasion

@: delayed fireball
A: shaggy fur 1
a: Renounce Religion, Release Delayed Fireball


You were on level 2 of the Elven Halls.
You worshipped Vehumet.
Vehumet was extremely pleased with you.
You were not hungry.

You visited 5 branches of the dungeon, and saw 23 of its levels.
You also visited: Volcano.

You collected 1686 gold pieces.
You spent 1466 gold pieces at shops.

Inventory:

Hand Weapons
 p - a +0 blowgun
 t - a +4 quarterstaff of chaos (weapon)
Missiles
 i - 9 curare-tipped needles
Armour
 o - a +1 helmet (worn)
 q - the -3 pair of gloves "Pyatao" (worn) {rF+++ Dex+5}
   (You bought it in a shop on level 2 of the Orcish Mines)

   It affects your dexterity (+5).
   It renders you almost immune to fire.
 r - a +1 robe of magic resistance (worn)
 v - a troll hide
 x - a +2 cloak (worn)
 F - the +4 ring mail of Space {rF+ Str-3 Int+5 Stlth+}
   (You found it on level 5 of the Dungeon)

   It affects your strength (-3).
   It affects your intelligence (+5).
   It protects you from fire.
   It makes you more stealthy.
 I - a +1 pair of boots (worn)
Jewellery
 h - a +4 ring of evasion (left hand)
 s - a ring of protection from cold (right hand)
 w - an uncursed ring of protection from fire
 y - an amulet of magic regeneration (around neck)
 O - an uncursed ring of resist corrosion
Wands
 e - a wand of enslavement (7/24)
 l - a wand of teleportation (3/9)
 B - a wand of lightning (7/15)
 G - a wand of iceblast (3/15)
 K - a wand of digging (5/24)
Scrolls
 g - 2 scrolls of enchant armour
 M - a scroll of recharging
 N - 4 scrolls of amnesia
 R - 2 scrolls of remove curse
 T - 2 scrolls of immolation
Potions
 a - a potion of cancellation {unknown}
 b - 2 potions of might
 d - 4 potions of curing
 j - 3 potions of haste
 m - 2 potions of lignification
 n - 3 potions of agility
 u - 2 potions of ambrosia {unknown}
 A - a potion of cure mutation {unknown}
 C - 2 potions of berserk rage
 D - 2 potions of invisibility {unknown}
 H - a potion of flight
 P - 2 potions of brilliance {unknown}
Books
 E - a book of Necromancy

   Spells                             Type                      Level
   a - Pain                           Necromancy                   1
   b - Animate Skeleton               Necromancy                   1
   c - Vampiric Draining              Necromancy                   3
   d - Regeneration                   Charms/Necromancy            3
   e - Animate Dead                   Necromancy                   4
   f - Control Undead                 Necromancy                   4
Comestibles
 c - 6 bread rations
 f - 4 chunks of flesh
 k - 10 meat rations
 z - 22 fruits


   Skills:
 - Level 5.3 Fighting
 - Level 8.0 Dodging
 - Level 2.4 Stealth
 + Level 16.2 Spellcasting
 + Level 15.4 Conjurations
 - Level 8.1 Charms
 - Level 4.0 Translocations
 + Level 13.5 Fire Magic


You had 19 spell levels left.
You knew the following spells:

 Your Spells              Type           Power        Failure   Level  Hunger
a - Magic Dart            Conj           ####         0%          1    None
b - Searing Ray           Conj           ######       0%          2    None
c - Iskenderun's Mystic   Conj           #######.     1%          4    None
d - Iskenderun's Battles  Conj/Chrm      ######..     1%          5    None
e - Fireball              Conj/Fire      #######...   1%          5    None
f - Delayed Fireball      Conj/Fire      N/A          1%          7    #####..
g - Blink                 Tloc           N/A          1%          2    None
h - Repel Missiles        Chrm/Air       #####.       1%          2    None
r - Regeneration          Chrm/Necr      #####.....   1%          3    None


Dungeon Overview and Level Annotations

Branches:
Dungeon (12/15)            Temple (1/1) D:7            Lair (6/6) D:8
 Shoals (0/4) Lair:2        Snake (0/4) Lair:2        Slime (0/5) Lair:5
    Orc (2/2) D:10            Elf (2/3) Orc:2

Altars:
Cheibriados
Dithmenos
Elyvilon
Fedhas
Gozag
Makhleb
Nemelex Xobeh
Okawaru
Qazlal
Ru
Trog
Uskayaw
Vehumet
Xom
Yredelemnul
Zin
The Shining One
Beogh

Shops:
D:8 *   Orc:2 [![:!

Annotations:
D:3 Robin
D:9 TheGoonsmith's ghost, novice DrCj


Innate Abilities, Weirdness & Mutations

You are covered in fur. (AC +1)


Message History

Aiming: Fireball
Press: ? - help, Shift-Dir - straight line, f/p - deep elf archer
Aim: a deep elf archer, wielding a shortbow and wearing a leather armour (moderately wounded, repelling missiles)
The fireball explodes!
The fireball engulfs the deep elf archer.
The deep elf archer is almost dead.
The fireball engulfs the deep elf mage.
You kill the deep elf mage!
Vehumet accepts your kill.
You feel your power returning.
The fireball engulfs the deep elf mage.
The deep elf mage is almost dead.
The glaive of freezing hits you from afar!
The glaive of freezing freezes you.
The deep elf mage points at you and mumbles some strange words.
The bolt of lightning hits the glaive of freezing.
The glaive of freezing completely resists.
The bolt of lightning hits you!
* * * LOW HITPOINT WARNING * * *
The bolt of lightning hits you!
You die...

#.......#
#.......#
#.......#
#.....##
#.....'##
####)##.##
#.###.## #.#
##.## #.# ##@#
# #.# ##'(..e.#
## #.# .......
.## #.# .../...
..## ##'##
..EP... ...##
#...# ....)e.
....# ###.>.###
.....e.
....###.......#
#.....#
....))).......#


You could see a deep elf archer, a water elemental, 2 deep elf magi and a glaive
of freezing.

Vanquished Creatures
  A stone giant (Orc:2)
  The ghost of JuicyBBC the Eclecticist, a journeyman DECj of Vehumet (Orc:2)
  A dire elephant (Lair:5)
  2 ogre magi (Orc:2)
  3 hydras
  Erica (Lair:2)
  A catoblepas (Lair:5)
  3 dancing weapons
  10 death yaks
  4 deep elf knights
  An unseen horror (D:11)
  The ghost of JuicyBBC the Magician, a novice OpCj (D:8)
  2 deep trolls (Orc:2)
  2 orc knights
  A deep elf archer (Elf:1)
  3 hill giants
  2 griffons (Lair:5)
  A lindwurm (Orc:1)
  17 deep elf magi
  A cyclops (Orc:2)
  4 elephants (Lair:5)
  A black mamba (Lair:3)
  A centaur zombie (D:11)
  Joseph (D:8)
  8 spiny frogs
  A torpor snail (Lair:2)
  2 rime drakes (Lair:5)
  5 komodo dragons
  10 trolls
  6 two-headed ogres (Orc:2)
  2 air elementals
  A wyvern (D:11)
  10 yaks
  A hungry ghost (D:12)
  A steam dragon (D:10)
  3 basilisks
  A human (shapeshifter) (Elf:2)
  9 hippogriffs
  2 wargs (Orc:2)
  7 porcupines
  15 orc warriors
  7 water moccasins
  A phantom (D:10)
  A black bear (Lair:1)
  8 ice beasts (Lair:4)
  A sky beast (D:10)
  21 ogres
  10 centaurs
  7 crocodiles
  A big kobold (D:8)
  7 giant frogs
  A gnoll sergeant (Orc:1)
  A water moccasin zombie (D:5)
  2 water moccasin skeletons (D:7)
  2 scorpions (D:6)
  8 wights
  14 killer bees
  5 howler monkeys
  An electric eel (Lair:5)
  4 crimson imps
  2 giant frog zombies
  3 quasits
  Crazy Yiuf (D:5)
  8 orc wizards
  3 hounds
  4 jellies
  12 orc priests
  An iguana (Lair:2)
  Ijyb (D:2)
  7 worker ants
  3 worker ant zombies
  10 adders
  45 river rats
  3 shadow imps
  3 oozes
  A worm (D:2)
  A dart slug (D:2)
  8 giant geckos
  63 orcs
  A ball python (D:6)
  4 giant cockroaches
  19 goblins
  5 hobgoblins
  5 kobolds
  5 quokkas
  7 bats
  A giant gecko skeleton (D:5)
  A giant gecko zombie (D:6)
  4 giant newts
  2 quokka skeletons
  4 rats
  2 fungi
490 creatures vanquished.

Vanquished Creatures (collateral kills)
  A death yak (Lair:3)
1 creature vanquished.

Vanquished Creatures (others)
  4 fungi
  A plant (Lair:4)
  7 toadstools (Lair:5)
12 creatures vanquished.

Grand Total: 503 creatures vanquished

Notes
Turn   | Place    | Note
-------+----------+-------------------------------------------
     0 | D:1      | PurpleRed the Deep Elf Conjurer began the quest for the Orb.
     0 | D:1      | Reached XP level 1. HP: 10/10 MP: 6/6
   173 | D:2      | Reached XP level 2. HP: 10/15 MP: 2/8
   177 | D:2      | Learned a level 2 spell: Searing Ray
   184 | D:2      | Noticed Ijyb
   310 | D:2      | Reached skill level 5 in Conjurations
   375 | D:2      | Killed Ijyb
   375 | D:2      | Reached XP level 3. HP: 19/19 MP: 3/10
   495 | D:2      | Reached skill level 4 in Spellcasting
   558 | D:3      | Noticed a two-headed ogre
   570 | D:3      | Noticed Robin
   624 | D:1      | Reached XP level 4. HP: 24/24 MP: 7/12
   938 | D:3      | Found an opulent altar of Gozag.
   938 | D:3      | Found a snail-covered altar of Cheibriados.
   938 | D:3      | Found a blossoming altar of Fedhas.
  1025 | D:3      | Reached XP level 5. HP: 25/28 MP: 2/14
  1031 | D:3      | Learned a level 4 spell: Iskenderun's Mystic Blast
  1037 | D:3      | Learned a level 5 spell: Iskenderun's Battlesphere
  1112 | D:3      | Reached skill level 5 in Spellcasting
  1172 | D:3      | Reached skill level 1 in Charms
  1211 | D:5      | Entered Level 5 of the Dungeon
  1215 | D:5      | Reached XP level 6. HP: 32/32 MP: 2/16
  1532 | D:5      | Reached skill level 6 in Spellcasting
  1554 | D:5      | Reached XP level 7. HP: 15/36 MP: 5/18
  1606 | D:5      | Found a runed door.
  1610 | D:5      | Noticed Crazy Yiuf
  1613 | D:5      | Killed Crazy Yiuf
  2118 | D:5      | Got a jacinth-encrusted ring mail
  2292 | D:7      | Reached skill level 7 in Spellcasting
  2292 | D:7      | Reached skill level 5 in Charms
  2292 | D:7      | Reached XP level 8. HP: 41/41 MP: 4/20
  2499 | D:7      | Reached skill level 8 in Spellcasting
  2556 | D:7      | Found a staircase to the Ecumenical Temple.
  2566 | Temple   | Entered the Ecumenical Temple
  2574 | Temple   | Became a worshipper of Vehumet
  2624 | D:8      | Found a staircase to the Lair.
  2675 | D:8      | Reached skill level 10 in Conjurations
  2731 | D:8      | Noticed Joseph
  2860 | D:8      | Reached XP level 9. HP: 42/45 MP: 16/23
  2923 | D:9      | Noticed TheGoonsmith's ghost (novice DrCj)
  2963 | D:8      | Noticed JuicyBBC's ghost (novice OpCj)
  2969 | D:8      | Killed JuicyBBC's ghost
  2969 | D:8      | Reached skill level 9 in Spellcasting
  2996 | D:8      | Found an iron altar of Okawaru.
  3046 | D:8      | Found Qiysyu's Serpentskin Sales.
  3072 | D:8      | Bought 5 curare-tipped needles for 39 gold pieces
  3072 | D:8      | Bought a +0 blowgun for 32 gold pieces
  3248 | D:8      | Reached * piety under Vehumet
  3248 | D:8      | Offered knowledge of Flame Tongue by Vehumet.
  3339 | D:9      | Learned a level 5 spell: Fireball
  3416 | D:9      | Reached skill level 1 in Fire Magic
  3447 | D:10     | Entered Level 10 of the Dungeon
  3475 | D:10     | Found a blossoming altar of Fedhas.
  3504 | D:10     | Noticed a troll
  3507 | D:10     | Killed a troll
  3630 | D:10     | Reached XP level 10. HP: 14/50 MP: 15/25
  3633 | D:10     | Reached skill level 10 in Spellcasting
  3721 | D:11     | Noticed a cyclops
  3791 | D:11     | Offered knowledge of Sandblast by Vehumet.
  3815 | D:11     | Reached ** piety under Vehumet
  3835 | D:12     | Noticed a hill giant
  3841 | D:12     | Killed a hill giant
  3841 | D:12     | Reached skill level 5 in Dodging
  3841 | D:12     | Reached skill level 5 in Fire Magic
  3921 | D:11     | Killed an unseen horror
  3980 | D:10     | Reached skill level 11 in Spellcasting
  4085 | D:10     | Noticed an orc knight
  4159 | D:8      | Killed Joseph
  4178 | D:8      | Offered knowledge of Ignite Poison by Vehumet.
  4210 | Lair:1   | Entered Level 1 of the Lair of Beasts
  4267 | Lair:2   | Found a staircase to the Shoals.
  4269 | Lair:2   | Reached XP level 11. HP: 54/54 MP: 22/28
  4317 | Lair:1   | Reached *** piety under Vehumet
  4406 | Lair:3   | Offered knowledge of Throw Icicle by Vehumet.
  4625 | Lair:2   | Noticed Erica
  4630 | Lair:2   | Killed Erica
  4731 | Lair:2   | Reached skill level 12 in Spellcasting
  4788 | Lair:2   | Found a staircase to the Snake Pit.
  4858 | Lair:3   | Reached **** piety under Vehumet
  4877 | Lair:4   | Offered knowledge of Venom Bolt by Vehumet.
  4887 | Lair:4   | Noticed a five-headed hydra
  4887 | Lair:4   | Noticed a six-headed hydra
  4934 | Lair:4   | Reached skill level 1 in Fighting
  5049 | Lair:3   | Got a crude ring mail
  5189 | Lair:3   | Noticed a death yak
  5189 | Lair:3   | Noticed a death yak
  5196 | Lair:3   | Noticed a death yak
  5197 | Lair:3   | Killed a death yak
  5197 | Lair:3   | Reached skill level 10 in Fire Magic
  5197 | Lair:3   | Reached XP level 12. HP: 62/62 MP: 15/30
  5198 | Lair:3   | Noticed a death yak
  5203 | Lair:3   | Noticed a death yak
  5218 | Lair:3   | Killed a death yak
  5226 | Lair:3   | Killed a death yak
  5226 | Lair:3   | Killed a death yak
  5227 | Lair:3   | Noticed a death yak
  5283 | Lair:3   | Killed a death yak
  5284 | Lair:3   | Reached skill level 13 in Spellcasting
  5410 | Lair:3   | Killed a death yak
  5487 | Lair:4   | Noticed a four-headed hydra
  5500 | Lair:4   | Killed a four-headed hydra
  5526 | Lair:5   | Noticed a death yak
  5526 | Lair:5   | Noticed a death yak
  5643 | Lair:5   | Noticed a death yak
  5648 | Lair:5   | Killed a death yak
  5651 | Lair:5   | Noticed a death yak
  5651 | Lair:5   | Killed a death yak
  5652 | Lair:5   | Reached ***** piety under Vehumet
  5653 | Lair:5   | Noticed a death yak
  5654 | Lair:5   | Killed a death yak
  5656 | Lair:5   | Killed a death yak
  5659 | Lair:5   | Killed a death yak
  5669 | Lair:5   | Offered knowledge of Delayed Fireball by Vehumet.
  5701 | Lair:5   | Learned a level 7 spell: Delayed Fireball
  5795 | Lair:6   | Entered Level 6 of the Lair of Beasts
  5795 | Lair:6   | Noticed a catoblepas
  6007 | Lair:5   | Identified the +4 ring mail of Space {rF+ Str-3 Int+5 Stlth+} (You found it on level 5 of the Dungeon)
  6017 | Lair:5   | Identified the +4 ring mail of Yliymoteb {-Cast Str+2 Int+4} (You found it on level 3 of the Lair of Beasts)
  6067 | Lair:5   | Noticed a seven-headed hydra
  6072 | Lair:5   | Killed a seven-headed hydra
  6097 | Lair:5   | Found a staircase to the Slime Pits.
  6171 | Lair:5   | Found a runed door.
  6194 | Lair:5   | Reached XP level 13. HP: 64/72 MP: 21/32
  6216 | Lair:5   | Noticed a dire elephant
  6232 | Lair:5   | Reached skill level 14 in Spellcasting
  6263 | Lair:5   | Reached skill level 5 in Fighting
  6291 | Lair:5   | Killed a dire elephant
  6326 | Lair:5   | Learned a level 2 spell: Blink
  6329 | Lair:5   | Learned a level 2 spell: Repel Missiles
  6689 | D:10     | Found a roughly hewn altar of Beogh.
  6689 | D:10     | Found a staircase to the Orcish Mines.
  6736 | Orc:1    | Entered Level 1 of the Orcish Mines
  6772 | Orc:1    | Reached skill level 1 in Translocations
  6900 | Orc:1    | Found a dark tunnel.
  6915 | Volcano  | Entered a volcano
  7021 | Orc:2    | Entered Level 2 of the Orcish Mines
  7040 | Orc:2    | Found Erphene's Antique Armour Emporium.
  7043 | Orc:2    | Found a staircase to the Elven Halls.
  7048 | Orc:2    | Noticed JuicyBBC's ghost (journeyman DECj)
  7055 | Orc:2    | Offered knowledge of Bolt of Draining by Vehumet.
  7057 | Orc:2    | Killed JuicyBBC's ghost
  7208 | Orc:2    | Found a roughly hewn altar of Beogh.
  7404 | Orc:2    | Reached skill level 15 in Spellcasting
  7524 | Orc:2    | Noticed a stone giant
  7579 | Orc:2    | Killed a stone giant
  7610 | Orc:2    | Found Niheun's Antique Armour Boutique.
  7611 | Orc:2    | Found Ygepp's Distillery.
  7629 | Orc:2    | Found Wout Kiu's Distillery.
  7634 | Orc:2    | Found Rogad's Book Shop.
  7661 | Orc:2    | Bought a pair of ichor-stained gloves for 285 gold pieces
  7666 | Orc:2    | Identified the -3 pair of gloves "Pyatao" {rF+++ Dex+5} (You bought it in a shop on level 2 of the Orcish Mines)
  7666 | Orc:2    | Bought a pair of runed gloves for 135 gold pieces
  7666 | Orc:2    | Bought a pair of embroidered boots for 135 gold pieces
  7687 | Orc:2    | Bought a jewelled ring mail for 270 gold pieces
  7697 | Orc:2    | Identified the +0 ring mail of Death Resistance {+Blink Str+4} (You bought it in a shop on level 2 of the Orcish Mines)
  7736 | Orc:2    | Bought a potion of beneficial mutation for 525 gold pieces
  7736 | Orc:2    | Bought a potion of flight for 45 gold pieces
  7736 | Orc:2    | Gained mutation: You are covered in fur. (AC +1) [potion of beneficial mutation]
  7768 | Elf:1    | Entered Level 1 of the Elven Halls
  7865 | Elf:1    | Reached XP level 14. HP: 78/78 MP: 20/35
  7895 | Elf:1    | Reached skill level 15 in Conjurations
  7991 | Elf:1    | Learned a level 3 spell: Regeneration
  8092 | Elf:2    | Reached skill level 16 in Spellcasting
  8174 | Elf:2    | Killed from afar by a deep elf mage

Vault maps used:
D:1:      roderic_dead_forest, serial_corexii_hall, corexii_hall_statues_l,
          corexii_hall_statues_l, hangedman_feature_mirror
D:2:      kennysheep_the_goblin_king, uniq_iyjb
D:3:      kiku_gazebo_garden_becter, nicolae_overflow_hidden_temple,
          first_bread, uniq_robin
D:5:      black_bear_nest_1, minivault_19, uniq_crazy_yiuf_cottage
D:6:      kennysheep_donut
D:7:      hangedman_cross_stitches
D:8:      nicolae_overflow_crystal_walls, lair_0_dummy,
          nicolae_ossuary_entry_monument, blue_anna_alchemist,
          roderic_bali_sauvastika, guppyfry_shop_venom, uniq_joseph
D:9:      wad_pebble_path
D:10:     david_orc_5, grunt_ministairs_14, fedhas_altar_3
D:12:     uniq_erolcha, uniq_nessos
Temple:   nicolae_temple_x_marks_the_god
Lair:1:   st_stairs_10, serial_bayou_lake_a, grunt_megastairs_3,
          infiniplex_staircase_pool_2, lemuel_fruit_tree
Lair:2:   minmay_shoals_entry_centaurs, dummy_snake_entry, grunt_megastairs_1,
          uniq_erica
Lair:3:   st_stairs_8
Lair:4:   portal_ice_cave_entry_ice_beasts, serial_bayou_shore_b,
          grunt_megastairs_4
Lair:5:   gammafunk_lair_enchanted_lake, dpeg_slime_entry_corner
Lair:6:   wormcave, hangedman_lair_caniforms_friends, infiniplex_staircase_pool
Orc:1:    serial_shops, nicolae_volcano_entry_vermiform, sword_in_stone
Orc:2:    st_orc_open, serial_shops, shop, basic_altar
Elf:1:    portal_desolation_entry_ruin, serial_shops, shop,
          minmay_elf_demonology
Volcano:  volcano_caves

Skill      XL: |  1  2  3  4  5  6  7  8  9 10 11 12 13 14 |
---------------+-------------------------------------------+-----
Conjurations   | 5 6 7 8 10 11 12 13 14 15 | 15.4
Spellcasting   | 4 5 6 7 8 9 11 12 13 15 16 | 16.2
Charms         | 1 3 5 7 8 |  8.1
Dodging        | 4 6 8 |  8.0
Fire Magic     | 3 7 10 11 12 13 | 13.5
Fighting       | 1 4 5 |  5.3
Translocations | 4 |  4.0
Stealth        | |  2.4

Action                   |  1- 3 |  4- 6 |  7- 9 | 10-12 | 13-15 || total
-------------------------+-------+-------+-------+-------+-------++-------
Melee: Unarmed           |     2 |       |       |       |       ||     2
       Club              |     8 |     1 |       |       |       ||     9
       Hand axe          |       |    30 |       |       |       ||    30
       Quarterstaff      |       |       |    25 |    22 |     4 ||    51
       Lajatang          |       |       |       |       |     9 ||     9
 Fire: Blowgun           |       |       |     5 |       |       ||     5
 Cast: Magic Dart        |    43 |    53 |   125 |   182 |   198 ||   601
       Searing Ray       |     4 |    17 |    15 |    11 |     3 ||    50
       Iskenderun's Batt |       |       |    26 |    51 |    39 ||   116
       Iskenderun's Myst |       |       |     7 |    17 |    10 ||    34
       Fireball          |       |       |       |    65 |    67 ||   132
       Delayed Fireball  |       |       |       |     1 |     1 ||     2
       Repel Missiles    |       |       |       |       |     1 ||     1
       Regeneration      |       |       |       |       |     2 ||     2
 Abil: Release Delayed F |       |       |       |       |     1 ||     1
Evoke: Wand              |       |       |       |     4 |     2 ||     6
  Use: Scroll            |       |     4 |     8 |    18 |     2 ||    32
       Potion            |       |       |       |     4 |     2 ||     6
 Stab: Sleeping          |       |     1 |     1 |       |       ||     2
  Eat: Chunk             |       |     2 |    11 |    16 |     6 ||    35
       Fruit             |       |       |     1 |     4 |     1 ||     6
Armor: Robe              |     2 |    18 |    13 |    18 |     2 ||    53
       Ring mail         |       |       |       |       |    22 ||    22
Dodge: Dodged            |    24 |    91 |    57 |   140 |    56 ||   368
       Deflected         |       |       |       |       |     4 ||     4
